AoeStats
← Hunter331885

Arena

510635934Analyzed
2v2 RM · 17h ago on Oct 1, 2026· 34m 50s· 4 players
Game mode
Random Map
Map size
Medium (4 player)
Population
200
Speed
Normal
Resources
Standard
Victory
Conquest
Starting age
Dark Age
Ending age
Imperial Age
RankedLock teamsTeams togetherTeam positionsShared explorationLock speedFull tech treeHidden civsTurbo modeCheats
Victory
Defeat
🇨🇴 Maya · Colombia
704
+14
🇨🇴 Britons · Colombia
656
+16
🇺🇸 Teutons · United States
670
-15
🇺🇸 Spanish · United States
650
-15
Hunter331885
10:12 Feudal Age
18:37 Arson
23:01 Castle Age
22:43 Stone Mining
22:45 Gold Mining
24:41 Stone Shaft Mining
Flan66X
12:09 Feudal Age
14:37 Wheelbarrow
17:55 Castle Age
17:23 Loom
20:26 Fletching
22:12 Double-Bit Axe
31:19 Bodkin Arrow
J Stark 8910
0:51 Loom
12:28 Feudal Age
13:54 Wheelbarrow
13:10 Double-Bit Axe
13:15 Horse Collar
15:18 Gold Mining
16:32 Stone Mining
23:08 Castle Age
21:20 Fletching
23:27 Padded Archer Armor
24:00 Thumb Ring
24:18 Bow Saw
25:04 Town Watch
28:09 Town Patrol
29:41 Bodkin Arrow
30:30 Crossbowman
31:28 Leather Archer Armor
31:31 Heavy Plow
31:56 Ballistics
31:17 Treadmill Crane
31:47 Masonry
35:20 Imperial Age
34:42 Murder Holes
SupremestStone
0:45 Loom
12:09 Feudal Age
10:58 Loom
17:22 Castle Age
16:13 Double-Bit Axe
16:34 Horse Collar
22:49 Fletching
24:56 Wheelbarrow
26:31 Bodkin Arrow
27:23 Crossbowman
31:20 Padded Archer Armor
32:10 Pikeman
35:30 Imperial Age
33:54 Ballistics
35:14 Leather Archer Armor
Connection lost

Rejoining the realm…

Still unreachable

The connection could not be restored.

Session expired

The server has moved on; the page needs a fresh start.